 Dungeon Crawl Stone Soup version 0.17-a0-1655-g88a8506 (webtiles) character file.

54 Kidiri the Sneak (level 3, 0/24 HPs)
             Began as a Spriggan Enchanter on Aug 15, 2015.
             Slain by a gnoll
             ... wielding a +0 whip of venom
              (2 damage)
             ... on level 2 of the Dungeon.
             The game lasted 00:05:29 (1167 turns).

Kidiri the Sneak (Spriggan Enchanter)               Turns: 1167, Time: 00:05:30

Health: 0/24       AC: 21    Str:  4    XL:     3   Next: 66%
Magic:  0/8        EV:  4    Int: 16    God:
Gold:   145        SH:  0    Dex: 17    Spells: 3 memorised, 2 levels left

rFire  . . .     SeeInvis +     a - +2 dagger
rCold  . . .     Clarity  .     (armour currently unavailable)
rNeg   + + +     SustAt   .     (shield restricted)
rPois  +         Gourm    .     (helmet currently unavailable)
rElec  .         Spirit   .     (cloak currently unavailable)
rCorr  .         Warding  .     (gloves unavailable)
rMut   .         NoTele   +     (boots unavailable)
MR     .....                    (no amulet)
Stlth  ++++......               (no ring)
                                (no ring)

@: lethally poisoned (0 -> -11), tree-form, not resistant to hostile
enchantments, stealthy
A: unfitting armour, see invisible, herbivore 3, (speed 0), slow metabolism 2
a: no special abilities


You were on level 2 of the Dungeon.
You were not hungry.
You were a tree.
You visited 1 branch of the dungeon, and saw 2 of its levels.

You collected 145 gold pieces.

Inventory:

Hand weapons
 a - a +2 dagger (weapon)
Armour
 b - a +1 robe (melded)
Scrolls
 e - a scroll of amnesia {unknown}
 g - a scroll of blinking
 j - a scroll of magic mapping
Potions
 k - 3 potions of flight
 l - a potion of ambrosia
Books
 c - a book of Maledictions

   Spells                             Type                      Level
   a - Corona                         Hexes                        1
   b - Ensorcelled Hibernation        Hexes/Ice                    2
   c - Confuse                        Hexes                        3
   d - Tukima's Dance                 Hexes                        3
   e - Dazzling Spray                 Conjuration/Hexes            3
Comestibles
 d - a bread ration


   Skills:
 + Level 1.8 Short Blades
 * Level 3.8 Dodging
 * Level 5.3 Stealth
 * Level 3.4 Spellcasting
 + Level 3.8 Hexes
 + Level 0.1 Ice Magic


You had 2 spell levels left.
You knew the following spells:

 Your Spells              Type           Power        Failure   Level  Hunger
a - Corona                Hex            ###....      4%          1    None
b - Ensorcelled Hibernat  Hex/Ice        #.....       14%         2    ##.....
c - Confuse               Hex            ###.....     12%         3    ###....


Dungeon Overview and Level Annotations

Branches:
Dungeon (2/15)

Altars:


Innate Abilities, Weirdness & Mutations

You are tiny and cannot use many weapons and most armour.
You have supernaturally acute eyesight.
You are a herbivore.
((You cover ground extremely quickly.))
You need consume almost no food.


Message History

Ouch! That really hurt!
* * * LOW HITPOINT WARNING * * *
You are lethally poisoned!
You hit the gnoll.
The gnoll is moderately wounded.
* * * LOW HITPOINT WARNING * * *
You feel sick. The gnoll completely misses you.
Drink which item? (? for menu, Esc to quit)
Okay, then.
You hit the gnoll.
The gnoll is severely wounded.
* * * LOW HITPOINT WARNING * * *
You feel sick. The gnoll barely misses you.
Drink which item? (? for menu, Esc to quit)
You turn into a tree.
Your +1 robe melds into your body.
Your roots penetrate the ground.
* * * LOW HITPOINT WARNING * * *
You feel sick.
The gnoll stops glowing.
The gnoll hits you with a whip of venom.
You die...

.... ..# ... #.# #.. #.# #.. ...
#.. #.# #########.. #.#
#.......... #.# #..........
############# #♣# #........##
............####g######........#
...............g..........>....##
.......................##'#######
.............).........##.# #
.....###...............##.# #
.....# #...............##.# #
.....# #.........(.....##.#######
.....# #..)...........(##........


You could see 2 gnolls.

Vanquished Creatures
  A gnoll (D:2)
  2 adders (D:2)
  An ooze (D:2)
  2 worms (D:2)
  3 goblins
  4 hobgoblins
  5 kobolds
  3 giant newts
  2 rats (D:1)
23 creatures vanquished.

Vanquished Creatures (others)
  3 jackals (D:2)
3 creatures vanquished.

Grand Total: 26 creatures vanquished

Notes
Turn   | Place    | Note
--------------------------------------------------------------
     0 | D:1      | Kidiri the Spriggan Enchanter began the quest for the Orb.
     0 | D:1      | Reached XP level 1. HP: 9/9 MP: 5/5
   412 | D:1      | Reached XP level 2. HP: 10/13 MP: 6/6
   418 | D:1      | Learned a level 2 spell: Ensorcelled Hibernation
   620 | D:2      | Reached skill level 5 in Stealth
   747 | D:2      | Reached XP level 3. HP: 16/16 MP: 6/8
   817 | D:2      | Learned a level 3 spell: Confuse
  1167 | D:2      | Slain by a gnoll

Vault maps used:
D:1:      dpeg_arrival_houses_and_road, kennysheep_crisscross
D:2:      fiery_altar_vehumet, first_bread

Action                   || total
-------------------------++-------
Melee: Dagger            ||    65
 Cast: Ensorcelled Hiber ||    11
       Confuse           ||     2
       Corona            ||     1
  Use: Scroll            ||     9
       Potion            ||     1
 Stab: Sleeping          ||    12
